 Dungeon Crawl Stone Soup version 0.30-a0-1075-gcd70e7a56d (webtiles) character file.

Game seed: 12393637262618206341

20 cforsyth the Caller (level 2, -3/17 HPs)
             Began as an Octopode Summoner on Apr 14, 2023.
             Slain by an orc
             ... wielding a +0 flail
              (9 damage)
             ... on level 2 of the Dungeon.
             The game lasted 00:02:01 (1621 turns).

cforsyth the Caller (Octopode Summoner)             Turns: 1621, Time: 00:02:02

Health: -3/17      AC:  1    Str:  7    XL:     2   Next: 79%
Magic:  3/5        EV: 13    Int: 17    God:
Gold:   110        SH:  0    Dex: 12    Spells: 3/6 levels left

rFire   . . .      SeeInvis .    (no weapon)
rCold   . . .      Faith    .    (no shield)
rNeg    . . .      Spirit   .    (helmet restricted)
rPois   .          Reflect  .    (no amulet)
rElec   .          Rampage  .    (no ring)
rCorr   .                        (no ring)
Will    .....                    (no ring)
Stlth   +++                      (no ring)
HPRegen 0.22/turn                (no ring)
MPRegen 0.09/turn                (no ring)
                                 (no ring)
                                 (no ring)

@: no status effects
A: almost no armour, amphibious, 8 rings, camouflage 1, gelatinous body 1,
(nimble swimmer 1), tentacles
a: no special abilities


You were on level 2 of the Dungeon.
You visited 1 branch of the dungeon, and saw 3 of its levels.

You collected 110 gold pieces.

Inventory:

Jewellery
 e - a ring of ice
Scrolls
 b - 7 scrolls of identify {unknown}
 c - 2 scrolls of poison {unknown}
 g - a scroll of blinking {unknown}
 j - a scroll of noise {unknown}
 l - a scroll of teleportation {unknown}
Potions
 a - a potion of magic
 d - 2 potions of might {unknown}
 f - a potion of curing {unknown}
 h - a potion of berserk rage {unknown}
 i - a potion of flight {unknown}
 k - a potion of ambrosia {unknown}


   Skills:
 - Level 2.0 Dodging
 - Level 2.6 Stealth
 + Level 2.5 Spellcasting
 + Level 4.4 Summonings


You had 3 spell levels left.
You knew the following spells:

 Your Spells              Type           Power      Damage    Failure   Level
a - Summon Small Mammal   Summ           68%        N/A       3%          1
b - Call Imp              Summ           34%        N/A       4%          2

Your spell library contained the following spells:

 Spells                   Type           Power      Damage    Failure   Level
 Call Canine Familiar     Summ           17%        N/A       9%          3
 Summon Guardian Golem    Hex/Summ       9%         N/A       22%         3
 Ozocubu's Armour         Ice            2%         N/A       50%         3
 Summon Lightning Spire   Summ/Air       9%         N/A       58%         4
 Metabolic Englaciation   Hex/Ice        1%         N/A       99%         5
 Simulacrum               Ice/Necr       1%         N/A       100%        6


Dungeon Overview and Level Annotations

Branches:
Dungeon (3/15)

Altars:


Innate Abilities, Weirdness & Mutations

You cannot wear most types of armour.
You are amphibious.
You can wear up to eight rings at the same time.
Your skin changes colour to match your surroundings (Stealth+).
Your rubbery body absorbs attacks. (AC +1, EV +1)
((You are camouflaged when in or above water. (Stealth+)))
You have tentacles for arms and can constrict up to eight enemies at once.


Message History

There is a stone staircase leading up here.
Found a stone staircase leading down.
An orc and 2 orc priests come into view.
There is a stone staircase leading down here.
There are monsters nearby!
There are monsters nearby!
There are monsters nearby!
Casting: Summon Small Mammal (safe; 3% risk of failure)
Confirm with . or Enter, or press ? or * to list all spells.
A tiny devil pulls itself out of the air.
The orc priest shouts!
You swap places.
There is a stone staircase leading up here.
The orc priest invokes the aid of Beogh against you.
You barely resist.
Your cerulean imp hits the orc priest from afar with a -3 spear.
You climb upwards.
Your summoned ally is left behind.
There is a stone staircase leading down here.
You start resting.
Magic restored.
You climb downwards.
There is a stone staircase leading up here.
The orc closely misses you.
You climb upwards.
There is a stone staircase leading down here.
The orc hits you with a +0 flail. The orc hits you with a +0 flail!
* * * LOW HITPOINT WARNING * * *
You tentacle-slap the orc. You grab the orc.
The orc is lightly wounded.
You constrict the orc.
Your bat hits the orc but does no damage.
The orc barely misses you.
Your quokka bites the orc but does no damage.
You swap places.
You release your grip on the orc.
Your bat barely misses the orc.
Your quokka barely misses the orc.
Your bat hits the orc but does no damage.
Your quokka barely misses the orc.
The orc hits you with a +0 flail!
Ouch! That really hurt!
You die...

..............###.##....+......##
..............# #.##..###......#.
..............# #.##..# #......#.
.......#......# #.##..###........
#.............###.##.............
............................##...
#..............##.###.##.........
#...####...###.............#.....
...........###..@..........#.....
................ro....##...#.....
#...####........b...#.##...#.....
#...# #.#.##.......#.##...#.....
....# #.#.##.......#.##.[.......
....# #.#.##.........##..##.....
....####.#.##..............+.....
.................#.##.#...##.....
...#####.#####...................


You could see an orc (ally target), a friendly quokka (summoned) and a friendly
bat (summoned).

Vanquished Creatures
  An endoplasm (D:2)
  A goblin (D:1)
  A hobgoblin (D:1)
  A ball python (D:1)
  4 bats
  A kobold (D:2)
  A rat (D:2)
10 creatures vanquished.

Vanquished Creatures (collateral kills)
  A ball python (D:2)
  2 endoplasms (D:1)
  2 goblins (D:1)
  A hobgoblin (D:1)
  A bat (D:1)
  A frilled lizard (D:1)
  2 rats
10 creatures vanquished.

Grand Total: 20 creatures vanquished

Notes
Turn   | Place    | Note
-------+----------+-------------------------------------------
     0 | D:1      | cforsyth the Octopode Summoner began the quest for the Orb.
     0 | D:1      | Reached XP level 1. HP: 11/11 MP: 3/3
   221 | D:1      | Reached XP level 2. HP: 9/17 MP: 1/5
   657 | D:2      | Learned a level 2 spell: Call Imp
  1621 | D:2      | Slain by an orc

Illustrated notes

Levels and vault maps discovered:
D:1:      dpeg_arrival_short_road, layout_rooms
D:2:      layout_basic
D:3:      layout_rooms, mainiacjoe_overflow_boulevard,
          mainiacjoe_overflow_catwalk_spiral, nicolae_shop_vocational

Action                     || total
---------------------------++-------
  Melee: Unarmed           ||    32
         Constrict         ||     7
         Tentacles         ||     6
   Cast: Summon Small Mamm ||    29
         Call Imp          ||     5
   Stab: Sleeping          ||     2
         Distracted        ||     1
 Armour: Skin              ||     5
  Dodge: Dodged            ||    24

Table legend: (Time is in decaauts)
 A = Elapsed time spent in this place.
 B = Non-inter-level travel time spent in this place.
 C = Inter-level travel time spent in this place.
 D = Time resting spent in this place.
 E = Time spent auto-exploring this place.
 F = Levels seen in this place.
 G = Mean time per level.
                   A        B        C        D        E       F      G
               +--------+--------+--------+--------+--------+-----+--------+
         Total |   1622 |   1569 |     53 |     11 |   1350 |   3 |  540.7 |
       Dungeon |   1622 |   1569 |     53 |     11 |   1350 |   3 |  540.7 |
               +--------+--------+--------+--------+--------+-----+--------+

Top non-repeatable levels by time:
     D:2: 951 daAuts
     D:1: 653 daAuts
     D:3: 17 daAuts
